 Dungeon Crawl Stone Soup version 0.28.0-43-g3370ac3207 (webtiles) character file.

Game seed: 2874321595919673268

56 demenzo the Slasher (level 4, 0/35 HPs)
             Began as a Djinni Cinder Acolyte on Mar 15, 2022.
             Was a High Priest of Ignis.
             Slain by an adder (4 damage)
             ... on level 2 of the Dungeon.
             The game lasted 00:02:13 (2121 turns).

demenzo the Slasher (Djinni Cinder Acolyte)         Turns: 2121, Time: 00:02:14

Health: 0/35       AC: 10    Str: 13    XL:     4   Next: 15%
Gold:   55         EV: 10    Int: 17    God:    Ignis [*****.] SH:  0 Dex:  9

rFire   + + +      SeeInvis .   a - +1 dagger (speed)
rCold   x . .      Faith    .   (no shield)
rNeg    . . .      Spirit   .   e - +0 leather armour
rPois   ∞          Reflect  .   (no helmet)
rElec   .          Harm     .   (no cloak)
rCorr   .          Rampage  .   (no gloves)
Will    .....                   (boots unavailable)
Stlth   +.........              (no amulet)
HPRegen 0.11/turn               (no ring)
MPRegen 0.00/turn               (no ring)

@: fiery-armoured, flying, very slightly contaminated
A: sickness immunity, fire resistance 2, cold vulnerability 1, float, innate
caster, HP casting, extra vitality 1
a: Renounce Religion, Fiery Armour, Foxfire Swarm, Rising Flame


You were on level 2 of the Dungeon.
You worshipped Ignis.
Ignis was extremely pleased with you.
You visited 1 branch of the dungeon, and saw 2 of its levels.

You collected 55 gold pieces.

Inventory:

Hand Weapons
 a - a +1 dagger of speed (weapon)
 g - a -1 falchion of flaming
Armour
 b - a +0 robe
 e - a +0 leather armour (worn)
 f - a +0 scale mail
Scrolls
 c - a scroll of identify {unknown}
 d - a scroll of amnesia {unknown}


   Skills:
 + Level 3.4 Fighting
 * Level 3.6 Long Blades
 + Level 2.8 Spellcasting


You had 5 spell levels left.
You knew the following spells:

 Your Spells              Type           Power      Damage    Failure   Level
a - Scorch                Fire           22%        2d6       11%         2
b - Shock                 Conj/Air       44%        1d5       7%          1
Your spell library was empty.

Dungeon Overview and Level Annotations

Branches:
Dungeon (2/15)

Altars:
Kikubaaqudgha

Shops:
D:1 =


Innate Abilities, Weirdness & Mutations

You are immune to sickness and miasma.
You are immune to poison.
Your flesh is very heat resistant. (rF++)
You are vulnerable to cold. (rC-)
You float through the air rather than walking.
You learn spells naturally, not from books.
Your magical power is your life essence.
You have superior vitality. (+4 MHP)


Message History

You hit the adder but do no damage.
The adder is moderately wounded.
The adder barely misses you.
You miss the adder.
The adder is moderately wounded.
The adder closely misses you. The adder bites you. The adder bites you.
You closely miss the adder. You miss the adder. The adder bites you.
Casting: Scorch (safe; 11% risk of failure)
Confirm with . or Enter, or press ? or * to list all spells.
Flames lash the adder.
The adder is severely wounded.
The adder's fire resistance burns away.
The adder bites you.
Casting: Scorch (safe; 11% risk of failure)
Confirm with . or Enter, or press ? or * to list all spells.
You miscast Scorch.
You are very lightly contaminated with residual magic.
Nothing appears to happen.
The adder bites you. The adder bites you but does no damage.
Casting: Scorch (safe; 11% risk of failure)
Confirm with . or Enter, or press ? or * to list all spells.
You miscast Scorch.
Nothing appears to happen.
The adder bites you.
* * * LOW HITPOINT WARNING * * *
Casting: Scorch (safe; 11% risk of failure)
Confirm with . or Enter, or press ? or * to list all spells.
Flames lash the adder.
The adder is burned terribly!
You kill the adder!
* * * LOW HITPOINT WARNING * * *
The adder closely misses you.
You have reached level 4!
You feel agile.
Unknown command.
A protective cloak of flame settles atop you.
The adder bites you.
* * * LOW HITPOINT WARNING * * *
The adder is burned by your cloak of flames.
The adder is moderately wounded.
The adder bites you.
You die...

#..............
#............##
#............#
#............#
############.## #
#######... #. #.......##
#..############.......##
###....SS@.|....'......)..
........#########.......##
##......# #######.#
##.....# #)# #.###S.
######.## # #.. #........
#..S #.#####.# #w.. #.#
#.... #####.#


You could see 2 adders.

Vanquished Creatures
  2 adders (D:2)
  2 dart slugs (D:1)
  4 orcs (D:2)
  5 endoplasms
  2 giant cockroaches (D:1)
  3 goblins (D:1)
  2 hobgoblins (D:1)
  2 kobolds
  2 ball pythons (D:1)
  A bat (D:1)
  3 rats (D:1)
28 creatures vanquished.

Notes
Turn   | Place    | Note
-------+----------+-------------------------------------------
     0 | D:1      | demenzo the Djinni Cinder Acolyte began the quest for the
                  | Orb.
     0 | D:1      | Reached XP level 1. HP: 20/20 MP: 0/0
   199 | D:1      | Reached XP level 2. HP: 25/25 MP: 0/0
   794 | D:1      | HP: 1/25 [hobgoblin (3)]
  1174 | D:1      | Found Pareboa's Jewellery Boutique.
  1202 | D:1      | Found a faded altar of an unknown god.
  1347 | D:1      | Reached XP level 3. HP: 29/30 MP: 0/0
  1347 | D:1      | Learned a level 1 spell: Shock
  2121 | D:2      | Reached XP level 4. HP: 8/35 MP: 0/0
  2121 | D:2      | Slain by an adder

Illustrated notes

Levels and vault maps discovered:
D:1:      dpeg_arrival_arbitrary_a, layout_basic, serial_shops,
          nicolae_shop_statue_plus, nicolae_ecumenical_snake_handling
D:2:      layout_basic, basic_altar, guppyfry_early_orc_mine

Skill      XL: |  1  2 |
---------------+-------+-----
Long Blades    | 3 |  3.6
Fighting       | |  3.4
Spellcasting   | |  2.8

Action                   |  1- 3 |  4- 6 || total
-------------------------+-------+-------++-------
Melee: Falchion          |    89 |       ||    89
       Punch             |     3 |       ||     3
       Dagger            |     6 |       ||     6
 Cast: Scorch            |     3 |       ||     3
Invok: Fiery Armour      |       |     1 ||     1
Armor: Robe              |    17 |       ||    17
       Leather armour    |     2 |       ||     2
Dodge: Dodged            |    53 |       ||    53
